Description

Serral takes on Dark's cavebob roach into lurker style on blackburn. This is a rough outline of how he gets there, I was watching the VOD to get the build and so it's very rough, considering how fast Serral plays.

VOD

https://www.twitch.tv/videos/1137828250

Build Order

Get SALT Encoding   

  13  0:10  Overlord  
  16  0:47  Hatchery  
  18  1:10  Extractor  
  17  1:14  Spawning Pool  
  21  2:00  Queen x2, Zergling x4  
  27  2:13  Overlord  
  28  2:35  Hatchery  Serral delays ling speed to afford this, can maybe get it earlier if you want to do a QLASH opener
  33  2:40  Overlord  
  40  2:50  Overlord  
  46  3:30  Roach Warren  
  49  3:45  Drone x2  Rallied from main into gas
  50  3:50  Overlord, Action  Scout main with overlord
  73  4:30  Lair, Extractor  2nd gas
  73  4:45  Evolution Chamber, Extractor  3rd gas
  81  5:00  Action  Should have 3 mineral sat, 3 gases sat, and ~5 roaches. Get 4th gas
  100  5:30  Hatchery  
Spawning Tool Build Advisor. Get it on Overwolf

Go to:

Details

  • Created by: Invux  
  • Published on: Sep 18, 2021
  • Modified on: Sep 18, 2021
  • Patch: 4.11.0
  • Difficulty: Hard
Show
View Real Time Build Order
Export as new Build Order

Comments (1)

On Feb. 9, 2022, 11:13 a.m., Joe_ultra  said:

What is a CaveBob?

Create an account to comment!